 Dungeon Crawl Stone Soup version 0.25-a0-975-gcae8493d64 (webtiles) character file.

Game seed: 2847567057695038790, levelgen mode: deterministic

133 Flugslaktarn the Covered (level 5, 0/43 HPs)
             Began as a Barachi Fighter on May 9, 2020.
             Slain by an orc priest
             ... wielding a +0 flail
              (3 damage)
             ... on level 3 of the Dungeon.
             The game lasted 00:01:17 (2990 turns).

Flugslaktarn the Covered (Barachi Fighter)          Turns: 2990, Time: 00:01:17

Health: 0/43       AC:  9    Str: 17    XL:     5   Next: 16%
Magic:  5/5        EV:  4    Int:  9    God:
Gold:   118        SH:  9    Dex: 12    Spells: 4/4 levels left

rFire    . . .     SeeInvis .   a - +0 war axe
rCold    . . .     Gourm    .   c - +0 kite shield
rNeg     . . .     Faith    .   k - +0 chain mail
rPois    .         Spirit   .   (no helmet)
rElec    .         Reflect  .   (no cloak)
rCorr    .         Harm     .   (no gloves)
MR       .....                  (no boots)
Stlth    ..........             (no amulet)
HPRegen  0.14/turn              g - ring of flight
MPRegen  0.09/turn              (no ring)

@: mighty, slow
A: +LOS, swims, slowness 1, strong legs 1
a: Hop, Evoke Flight


You were on level 3 of the Dungeon.
You were not hungry.

You visited 1 branch of the dungeon, and saw 3 of its levels.

You collected 118 gold pieces.

Inventory:

Hand Weapons
 a - a +0 war axe (weapon)
Armour
 c - a +0 kite shield (worn)
 k - a +0 chain mail (worn)
   (You found it on level 2 of the Dungeon)
Jewellery
 g - a ring of flight (left hand)
   (You found it on level 3 of the Dungeon)
Scrolls
 b - a scroll of enchant armour {unknown}
 t - 3 scrolls of teleportation
Potions
 d - a potion of might
 f - 2 potions of flight
 i - a potion of heal wounds {unknown}
 j - a potion of brilliance {unknown}
 l - a potion of stabbing {unknown}
Comestibles
 e - 2 rations
 h - 4 chunks of flesh


   Skills:
 + Level 4.4 Fighting
 * Level 3.9 Axes
 + Level 4.4 Armour
 + Level 4.0 Shields


You had 4 spell levels left.
You didn't know any spells.
Your spell library was empty.

Dungeon Overview and Level Annotations

Branches:
Dungeon (3/15)

Altars:


Innate Abilities, Weirdness & Mutations

You can be seen from farther away. (+LOS)
You can swim through water.
You cover ground slowly.
You can hop short distances.


Message History

The orc priest hits you but does no damage.
The orc hits you.
* * * LOW HITPOINT WARNING * * *
The orc priest hits you with a +0 flail.
* * * LOW HITPOINT WARNING * * *
Your shield and chain mail prevent you from hitting the orc priest.
The orc priest is lightly wounded.
You slash the orc!
You kill the orc!
The adder bites you but does no damage.
The orc priest hits you but does no damage.
You feel very mighty all of a sudden. You block the adder's attack.
Your shield prevents you from hitting the orc priest.
The orc priest is lightly wounded.
You slash the adder!
You kill the adder!
You block the orc priest's attack.
The orc priest hits you with a +0 flail.
You die...

##≈≈# #.#
#≈≈# #####.#
##≈# #...#.#
#≈##
#≈#...##
#≈≈#
#≈###..#
#≈≈#
#≈####.#
####≈≈# #≈≈#
#.#####.#.#
#≈#≈≈## #≈≈#
#.o)).....#
#≈#≈≈####≈≈#
#†@####.###
#≈≈≈###≈##≈#
#...# #≈÷÷#
#≈##≈# ##?.#
##≈≈# #≈##≈#
#..# ##≈#
#≈##≈# #..#
#≈###≈≈#≈#
#..#
#≈≈≈≈#≈#≈#
#..#
#≈≈≈≈#≈#≈#
#..#
##≈#≈#≈≈##
#..#


You could see an orc priest.

Vanquished Creatures
  A worker ant (D:2)
  2 adders
  A shadow imp (D:2)
  An ooze (D:3)
  5 dart slugs
  4 leopard geckos
  4 orcs (D:3)
  2 bats
  3 giant cockroaches
  5 goblins
  5 hobgoblins
  10 jackals
  2 ball pythons (D:1)
  2 frilled lizards
  5 kobolds
  6 rats
58 creatures vanquished.

Notes
Turn   | Place    | Note
-------+----------+-------------------------------------------
     0 | D:1      | Flugslaktarn the Barachi Fighter began the quest for the
                  | Orb.
     0 | D:1      | Reached XP level 1. HP: 18/18 MP: 1/1
   106 | D:1      | Reached XP level 2. HP: 13/25 MP: 2/2
   482 | D:1      | Reached XP level 3. HP: 29/30 MP: 3/3
  1938 | D:2      | Reached XP level 4. HP: 36/37 MP: 4/4
  2978 | D:3      | Reached XP level 5. HP: 26/43 MP: 5/5
  2990 | D:3      | Slain by an orc priest

Illustrated notes

Levels and vault maps discovered:
D:1:      elethiomel_arrival_infinity_welcomes_careful_drivers, layout_basic,
          minmay_misc_feat_four_crosses
D:2:      layout_loops_corners, first_ration, hangedman_abyss_or_decor_stabs
D:3:      layout_loops_ring, yredelemnul_forgotten_temple_becter, serial_rivers,
          chequers_serial_rivers_room_a, chequers_serial_rivers_small_a,
          chequers_serial_rivers_marsh, chequers_serial_rivers_small_b,
          chequers_serial_rivers_large_b, gup_sewer_entry_glass

Skill      XL: |  1  2  3  4 |
---------------+-------------+-----
Fighting       | 4 |  4.4
Axes           | 3 |  3.9
Armour         | 4 |  4.4
Shields        | 4 |  4.0

Action                   |  1- 3 |  4- 6 || total
-------------------------+-------+-------++-------
Melee: War axe           |   201 |    81 ||   282
  Use: Scroll            |     3 |     1 ||     4
       Potion            |       |     1 ||     1
  Eat: Ration            |     1 |     1 ||     2
       Chunk             |     1 |     1 ||     2
Armor: Scale mail        |   118 |    23 ||   141
       Chain mail        |       |    19 ||    19
Dodge: Dodged            |    76 |    17 ||    93
Block: Kite shield       |   126 |    38 ||   164

Table legend:
 A = Non-vault XP
 B = Vault XP
 C = Vault XP percentage of total XP
 D = Non-vault monster count
 E = Vault monster count
 F = Vault count percentage of total count
                 A         B        C        D         E       F
            +---------+---------+-------+---------+---------+-------
      Total |     190 |       0 |   0.0 |      58 |       0 |   0.0
            +---------+---------+-------+---------+---------+-------
        D:1 |      52 |       0 |   0.0 |      25 |       0 |   0.0
        D:2 |      93 |       0 |   0.0 |      21 |       0 |   0.0
        D:3 |      45 |       0 |   0.0 |      12 |       0 |   0.0
            +---------+---------+-------+---------+---------+-------
